 Dungeon Crawl Stone Soup version 0.28.0-53-g5a82cb258f (webtiles) character file.

Game seed: 4396626119895853991

55192 DasRunzen the Thaumaturge (level 15, -15/109 HPs)
             Began as a Djinni Fire Elementalist on May 2, 2022.
             Was a Follower of Qazlal.
             Demolished by a deep troll (23 damage)
             ... on level 1 of the Orcish Mines on June 24, 2022.
             The game lasted 01:20:56 (24682 turns).

DasRunzen the Thaumaturge (DjFE)                   Turns: 24682, Time: 01:20:57

Health: -15/109    AC: 14    Str: 11    XL:     15   Next: 17%
Gold:   1643       EV: 23    Int: 23    God:    Qazlal [*.....] SH:  2 Dex: 25

rFire   + + .      SeeInvis .   D - +8 long sword "Gutibaz" {vorpal, rElec rPois Dex+4}
rCold   . . .      Faith    .   (no shield)
rNeg    . . .      Spirit   .   N - +2 robe of Youthful Indiscretion {Slay+2}
rPois   ∞          Reflect  .   J - +2 hat
rElec   +          Harm     .   r - +0 cloak
rCorr   .          Rampage  .   Q - +0 pair of gloves
Will    +....                   (boots unavailable)
Stlth   ++........              v - amulet of Qoen {rPois Regen+}
HPRegen 1.08/turn               z - +4 ring of protection
MPRegen 0.00/turn               M - ring "Jolaq" {rC+ Str+2 Dex+6}

@: flying, silenced
A: sickness immunity, fire resistance 2, cold vulnerability 1, float, innate
caster, HP casting, extra vitality 1, strong 1
a: Renounce Religion


You were on level 1 of the Orcish Mines.
You worshipped Qazlal.
Qazlal was aware of your devotion.
You visited 4 branches of the dungeon, and saw 19 of its levels.
You also visited: Ossuary and Bailey.

You collected 1903 gold pieces.
You spent 260 gold pieces at shops.

Inventory:

Hand Weapons
 C - the +7 whip of Piatzin {venom, Will+ Str+5}
   (You found it on level 5 of the Lair of Beasts)

   It poisons the flesh of those it strikes.
   Str:       It affects your strength (+5).
   Will:      It increases your willpower.
 D - the +8 long sword "Gutibaz" (weapon) {vorpal, rElec rPois Dex+4}
   (You found it in a bailey)

   It inflicts extra damage upon your enemies.
   Dex:       It affects your dexterity (+4).
   rElec:     It insulates you from electricity.
   rPois:     It protects you from poison.
Missiles
 P - 11 large rocks
Armour
 i - +3 steam dragon scales
 r - a +0 cloak (worn)
 E - a +0 kite shield
 H - the +1 leather armour "Jefis" {Dex+4 Slay+2}
   (You found it on level 3 of the Lair of Beasts)

   Dex:       It affects your dexterity (+4).
   Slay:      It affects your accuracy & damage with ranged weapons and melee
   (+2).
 J - a +2 hat (worn)
 N - the +2 robe of Youthful Indiscretion (worn) {Slay+2}
   (You found it on level 9 of the Dungeon)

   Slay:      It affects your accuracy & damage with ranged weapons and melee
   (+2).
 Q - a +0 pair of gloves (worn)
Magical Staves
 h - a staff of cold
 L - a staff of air
Jewellery
 e - a ring of fire
 n - an amulet of faith
 t - a ring of protection from fire
 v - the amulet of Qoen (around neck) {rPois Regen+}
   (You acquired it on level 1 of the Lair of Beasts)

   [amulet of regeneration]

   rPois:     It protects you from poison.
   Regen:     It increases your rate of health regeneration.
 z - a +4 ring of protection (left hand)
 K - a ring of willpower
 M - the ring "Jolaq" (right hand) {rC+ Str+2 Dex+6}
   (You acquired it on level 6 of the Lair of Beasts)

   [ring of dexterity]

   Str:       It affects your strength (+2).
   Dex:       It affects your dexterity (+6).
   rC:        It protects you from cold.
 O - a ring of wizardry
Wands
 l - a wand of iceblast (10)
 p - a wand of flame (36)
 q - a wand of polymorph (7)
 F - a wand of mindburst (17)
 G - a wand of paralysis (8)
 I - a wand of acid (13)
Scrolls
 a - 4 scrolls of fog
 c - 3 scrolls of silence
 k - 3 scrolls of magic mapping
 o - 4 scrolls of teleportation
 s - 2 scrolls of brand weapon
 u - 3 scrolls of summoning
 w - 6 scrolls of immolation {unknown}
 y - 3 scrolls of fear
 B - a scroll of blinking
Potions
 b - a potion of attraction
 d - 4 potions of might
 f - 8 potions of curing
 g - 5 potions of heal wounds
 j - 2 potions of mutation
 m - a potion of brilliance
 x - 3 potions of invisibility
 A - 2 potions of cancellation


   Skills:
 + Level 10.8 Fighting
 + Level 3.1 Long Blades
 + Level 11.0 Armour
 + Level 12.0 Dodging
 - Level 1.5 Stealth
 + Level 8.1 Shields
 * Level 12.2 Spellcasting


You couldn't memorise any spells.
You knew the following spells:

 Your Spells              Type           Power      Damage    Failure   Level
a - Foxfire               Conj/Fire      100%       2x1d9     1%          1
b - Scorch                Fire           100%       2d10      1%          2
c - Conjure Flame         Conj/Fire      63%        6-21      1%          3
d - Inner Flame           Hex/Fire       63%        N/A       1%          3
e - Flame Wave            Conj/Fire      63%        2d12      1%          4
f - Sting                 Tmut/Pois      100%       1d8       1%          1
g - Searing Ray           Conj           100%       2d8       1%          2
h - Corpse Rot            Necr/Air       100%       N/A       1%          2
i - Sticky Flame          Conj/Fire      63%        2d8       1%          4
j - Yara's Violent Unrav  Hex/Tmut       31%        3d13      1%          5
k - Alistair's Intoxicat  Tmut/Pois      42%        N/A       1%          5
l - Simulacrum            Ice/Necr       31%        N/A       4%          6
Your spell library was empty.

Dungeon Overview and Level Annotations

Branches:
Dungeon (11/15)            Temple (1/1) D:4            Lair (6/6) D:8
 Shoals (0/4) Lair:4        Snake (0/4) Lair:4        Slime (0/5) Lair:5
    Orc (1/2) D:11        Ossuary (visited)          Bailey (visited)

Altars:
Ashenzari
Cheibriados
Dithmenos
Elyvilon
Fedhas
Gozag
Hepliaklqana
Kikubaaqudgha
Makhleb
Nemelex Xobeh
Okawaru
Qazlal
Ru
Sif Muna
Trog
Uskayaw
Vehumet
Wu Jian
Xom
Yredelemnul
Zin
The Shining One
Beogh

Shops:
Orc:1 *

Portals:
Trove: D:11 (give +5 demon whip)

Annotations:
Lair:1 exclusion: oklob plant
Orc:1 1 transporter, 1 runed translucent door


Innate Abilities, Weirdness & Mutations

You are immune to sickness and miasma.
You are immune to poison.
Your flesh is very heat resistant. (rF++)
You are vulnerable to cold. (rC-)
You float through the air rather than walking.
You learn spells naturally, not from books.
Your magical power is your life essence.
You have superior vitality. (+4 MHP)
Your muscles are strong. (Str +2)


Message History

Things that are here:
a +0 troll leather armour; a troll corpse The moth of wrath angrily waves its antennae.
Found 12 gold pieces.
You see here 10 gold pieces.
You now have 1608 gold pieces (gained 10).
The silent spectre grins at you slowly.
A troll and a deep troll come into view.
You see here 17 gold pieces.
You now have 1625 gold pieces (gained 17).
The moth of wrath's fur bristles in rage as it notices you.
You see here 18 gold pieces.
You now have 1643 gold pieces (gained 18).
The moth of wrath goads the deep troll on!
The deep troll goes berserk!
The deep troll rages.
You hit the deep troll.
The deep troll is lightly wounded.
The deep troll completely misses you. The deep troll misses you.
The deep troll claws you.
You slash the deep troll!
The deep troll is lightly wounded.
The deep troll bites you! The deep troll claws you! The deep troll claws you!!
The deep troll bites you but does no damage.
The deep troll claws you but does no damage.
The deep troll misses you.
You slash the deep troll!
The deep troll is moderately wounded.
The deep troll closely misses you. The deep troll misses you.
The deep troll closely misses you. The deep troll barely misses you.
The deep troll claws you. The deep troll claws you!
You slash the deep troll!
The deep troll is heavily wounded.
The deep troll misses you. The deep troll closely misses you.
The deep troll completely misses you. The deep troll bites you!!
* * * LOW HITPOINT WARNING * * *
The deep troll claws you!!
* * * LOW HITPOINT WARNING * * *
The deep troll claws you!!
You die... #...# #.... #.#.. ######### ##... #eeeey#○#

##... ############# #....
#y#.........## ##...
###......[)..## #...
#○#..⌠.@###...#######...
###....T#y#.†.#y#.......
#.....####÷'###.......
..##..$[)###...##........
.©##..$[_+W#..©##©.......
..##../[:###...##........
..##...$$####++###.......
# #....$# .#y#.......
#..⌠..# ..######....


You could see a deep troll (berserk), 3 moths of wrath, a deep elf pyromancer
and 2 deep elf zephyrmancers.

Vanquished Creatures
  An orc warlord (Bailey)
  A stone giant (Orc:1)
  A fire dragon (Lair:6)
  Josephine (Lair:5)
  A catoblepas (Lair:4)
  3 boulder beetles (Lair:5)
  4 hydras
  3 two-headed ogres
  A fire crab (Lair:6)
  2 lindwurms (Lair:5)
  An obsidian statue (D:9)
  A manticore (D:11)
  3 orc sorcerers (Orc:1)
  2 cyclopes (Orc:1)
  A wolf spider (Lair:5)
  7 elephants
  2 molten gargoyles (Lair:6)
  9 black mambas
  A torpor snail (Lair:3)
  An unseen horror (D:11)
  4 kobold demonologists
  4 rime drakes
  11 komodo dragons
  Maggie (D:8)
  12 cane toads
  A freezing wraith (D:10)
  7 polar bears
  3 trolls
  A hornet (D:10)
  29 blink frogs
  2 jumping spiders (Lair:5)
  10 wyverns
  30 yaks
  7 wraiths
  6 basilisks
  2 redbacks (Lair:5)
  3 steam dragons
  2 vampire mosquitoes (D:10)
  A naga (Lair:4)
  Edmund (D:4)
  A warg (Orc:1)
  An acid dragon (D:10)
  4 hell hounds (Lair:6)
  17 water moccasins
  8 black bears
  A hornet zombie (D:7)
  11 orc warriors
  A necrophage (D:6)
  A sky beast (D:5)
  5 ogres
  4 wolves (D:8)
  12 centaurs
  A kobold brigand (D:6)
  4 elf zombies (Ossuary)
  A wyvern zombie (D:6)
  10 bullfrogs
  3 scorpions
  4 howler monkeys (D:9)
  A vampire bat (D:5)
  5 centaur zombies (Ossuary)
  8 lava snakes
  8 orc priests
  2 hounds (D:7)
  2 jellies (D:7)
  A gnoll shaman (D:4)
  Crazy Yiuf (D:4)
  A bullfrog skeleton (D:7)
  3 human zombies (Ossuary)
  2 iguanas (D:5)
  2 centaur skeletons (D:4)
  8 orc wizards
  A killer bee zombie (D:6)
  A hound zombie (D:5)
  2 hound skeletons (D:4)
  3 mummies (Ossuary)
  14 gnolls
  6 adders
  A shadow imp (D:6)
  An adder skeleton (D:4)
  2 fire bats (D:5)
  4 worms
  51 orcs
  2 spectral bats (D:5)
  6 ball pythons
  11 bats
  2 bat skeletons (D:5)
  A bat zombie (D:5)
  9 endoplasms
  3 giant cockroaches
  15 goblins
  9 hobgoblins
  10 jackals
  3 quokkas
  A bat simulacrum (D:5)
  6 frilled lizards
  28 kobolds
  4 rats
512 creatures vanquished.

Vanquished Creatures (collateral kills)
  20 foxfires
20 creatures vanquished.

Vanquished Creatures (others)
  A bat skeleton (D:5)
  1603 foxfires
  49 fungi
  43 plants
  4 toadstools (D:9)
1700 creatures vanquished.

Grand Total: 2232 creatures vanquished

Notes
Turn   | Place    | Note
-------+----------+-------------------------------------------
     0 | D:1      | DasRunzen the Djinni Fire Elementalist began the quest for
                  | the Orb.
     0 | D:1      | Reached XP level 1. HP: 15/15 MP: 0/0
   317 | D:1      | Reached XP level 2. HP: 18/22 MP: 0/0
   892 | D:1      | Reached XP level 3. HP: 22/26 MP: 0/0
   892 | D:1      | Learned a level 1 spell: Sting
  1223 | D:1      | Reached skill level 1 in Armour
  1238 | D:1      | Reached skill level 1 in Fighting
  1599 | D:2      | Found a faded altar of an unknown god.
  1819 | D:2      | Reached XP level 4. HP: 12/32 MP: 0/0
  2828 | D:2      | Found a blossoming altar of Fedhas.
  3228 | D:3      | Reached XP level 5. HP: 23/37 MP: 0/0
  3228 | D:3      | Learned a level 2 spell: Searing Ray
  4380 | D:4      | Noticed an ogre
  4389 | D:4      | Killed an ogre
  4390 | D:4      | Reached XP level 6. HP: 15/43 MP: 0/0
  4777 | D:4      | Noticed a black bear
  4784 | D:4      | Killed a black bear
  4911 | D:4      | Reached XP level 7. HP: 36/49 MP: 0/0
  4911 | D:4      | Learned a level 2 spell: Corpse Rot
  5716 | D:4      | Found a staircase to the Ecumenical Temple.
  5717 | D:4      | Noticed Edmund
  5723 | D:4      | Killed Edmund
  5731 | Temple   | Entered the Ecumenical Temple
  5985 | D:4      | Reached XP level 8. HP: 37/56 MP: 0/0
  6107 | D:4      | Found a runed translucent door.
  6108 | D:4      | Noticed Crazy Yiuf
  6113 | D:4      | Killed Crazy Yiuf
  6770 | D:5      | Entered Level 5 of the Dungeon
  7064 | D:4      | Reached skill level 5 in Spellcasting
  7428 | D:5      | Reached skill level 5 in Dodging
  8287 | D:5      | Reached XP level 9. HP: 55/62 MP: 0/0
  8287 | D:5      | Learned a level 4 spell: Sticky Flame
  9214 | D:6      | Reached skill level 5 in Armour
  9367 | D:6      | Reached skill level 5 in Fighting
 10794 | D:8      | Found a sand-covered staircase.
 10821 | Ossuary  | Entered an ossuary
 10843 | Ossuary  | Reached XP level 10. HP: 38/70 MP: 0/0
 10876 | Ossuary  | HP: 2/72 [elf zombie (4)]
 11320 | D:8      | Noticed Maggie
 11333 | D:8      | Killed Maggie
 11357 | D:8      | Found a flagged portal.
 11366 | Bailey   | Entered a bailey
 11688 | Bailey   | Noticed an orc warlord
 12077 | Bailey   | Found a runed translucent gate.
 12078 | Bailey   | Found a runed translucent gate.
 12080 | Bailey   | Found a runed translucent gate.
 12123 | Bailey   | Killed an orc warlord
 12157 | Bailey   | Identified the +8 long sword "Gutibaz" {vorpal, rElec rPois
                  | Dex+4}
 12361 | D:8      | Reached XP level 11. HP: 51/78 MP: 0/0
 12361 | D:8      | Learned a level 5 spell: Yara's Violent Unravelling
 12687 | D:8      | Found a staircase to the Lair.
 13199 | Lair:1   | Entered Level 1 of the Lair of Beasts
 13207 | D:8      | Reached skill level 1 in Shields
 14511 | Lair:1   | Noticed an oklob plant
 15065 | Lair:1   | Acquired the amulet of Qoen {rPois Regen+}
 15216 | Lair:2   | Noticed a six-headed hydra
 15226 | Lair:2   | Killed a six-headed hydra
 15243 | Lair:2   | Reached XP level 12. HP: 84/86 MP: 0/0
 15261 | Lair:2   | Noticed a four-headed hydra
 15269 | Lair:2   | Killed a four-headed hydra
 15525 | Lair:2   | Identified the +7 dagger of the Yoke {drain, rElec}
 16309 | Lair:3   | Reached skill level 10 in Spellcasting
 16402 | Lair:3   | Identified the +1 leather armour "Jefis" {Dex+4 Slay+2}
 16553 | Lair:3   | Reached skill level 10 in Dodging
 16553 | Lair:3   | Reached skill level 5 in Shields
 16778 | Lair:3   | Reached XP level 13. HP: 92/94 MP: 0/0
 16778 | Lair:3   | Learned a level 5 spell: Alistair's Intoxication
 16842 | Lair:3   | Upgraded the game from 0.28.0-47-ge53b351184 to
                  | 0.28.0-49-g6dfe1f597d
 16842 | Lair:3   | Upgraded the game from 0.28.0-49-g6dfe1f597d to
                  | 0.28.0-53-g5a82cb258f
 17307 | Lair:4   | Found a staircase to the Shoals.
 17332 | Lair:4   | Noticed a six-headed hydra
 17339 | Lair:4   | Killed a six-headed hydra
 17350 | Lair:4   | Noticed a catoblepas
 17363 | Lair:4   | Killed a catoblepas
 17380 | Lair:4   | Noticed a four-headed hydra
 17387 | Lair:4   | Killed a four-headed hydra
 17892 | Lair:4   | Found a staircase to the Snake Pit.
 17896 | Lair:4   | Identified the +6 plate armour of the Robin {Harm rN++
                  | Int-2 Dex+2}
 18581 | Lair:5   | Noticed Josephine
 18591 | Lair:5   | Killed Josephine
 18867 | Lair:5   | Found a staircase to the Slime Pits.
 18940 | Lair:5   | Found a runed translucent door.
 18960 | Lair:5   | Reached skill level 10 in Armour
 18960 | Lair:5   | Reached XP level 14. HP: 80/102 MP: 0/0
 18989 | Lair:5   | Identified the +7 whip of Piatzin {venom, Will+ Str+5}
 19006 | Lair:5   | Found a runed translucent gate.
 19006 | Lair:5   | Found a runed translucent gate.
 19006 | Lair:5   | Found a runed translucent gate.
 19006 | Lair:5   | Found a runed translucent gate.
 19006 | Lair:5   | Found a runed translucent gate.
 19006 | Lair:5   | Found a runed translucent gate.
 19153 | Lair:5   | Reached skill level 10 in Fighting
 19708 | Lair:6   | Entered Level 6 of the Lair of Beasts
 19834 | Lair:6   | Identified the +4 ring mail "Leply" {rPois}
 20024 | Lair:6   | HP: 1/103 [molten gargoyle/bolt of magma (21)]
 20349 | Lair:6   | Reached skill level 1 in Long Blades
 20995 | Lair:6   | Found a large runed translucent door.
 20995 | Lair:6   | Found a large runed translucent door.
 21408 | Lair:6   | Acquired the ring "Jolaq" {rC+ Str+2 Dex+6}
 21415 | Lair:6   | Gained mutation: You tend to lose your temper in combat.
                  | [potion of mutation]
 21415 | Lair:6   | Gained mutation: You have supernaturally acute eyesight.
                  | (SInv) [potion of mutation]
 21416 | Lair:6   | Lost mutation: You have supernaturally acute eyesight.
                  | (SInv) [potion of mutation]
 21416 | Lair:6   | Lost mutation: You tend to lose your temper in combat.
                  | [potion of mutation]
 21416 | Lair:6   | Gained mutation: You are clumsy. (Dex -2) [potion of
                  | mutation]
 21416 | Lair:6   | Gained mutation: Potions are less effective at restoring
                  | your health. [potion of mutation]
 21418 | Lair:6   | Lost mutation: You are clumsy. (Dex -2) [potion of
                  | mutation]
 21418 | Lair:6   | Lost mutation: Potions are less effective at restoring your
                  | health. [potion of mutation]
 21418 | Lair:6   | Gained mutation: Your muscles are strong. (Str +2) [potion
                  | of mutation]
 21418 | Lair:6   | Gained mutation: You tend to lose your temper in combat.
                  | [potion of mutation]
 21418 | Lair:6   | Gained mutation: Your mind is acute. (Int +2) [potion of
                  | mutation]
 21419 | Lair:6   | Lost mutation: You tend to lose your temper in combat.
                  | [potion of mutation]
 21419 | Lair:6   | Lost mutation: Your muscles are strong. (Str +2) [potion of
                  | mutation]
 21419 | Lair:6   | Lost mutation: Your mind is acute. (Int +2) [potion of
                  | mutation]
 21419 | Lair:6   | Gained mutation: You tend to lose your temper in combat.
                  | [potion of mutation]
 21420 | Lair:6   | Lost mutation: You tend to lose your temper in combat.
                  | [potion of mutation]
 21420 | Lair:6   | Gained mutation: Your muscles are strong. (Str +2) [potion
                  | of mutation]
 21887 | D:9      | Identified the +2 robe of Youthful Indiscretion {Slay+2}
 22382 | D:10     | Entered Level 10 of the Dungeon
 22520 | D:10     | Found a stormy altar of Qazlal.
 22536 | D:10     | Became a worshipper of Qazlal Stormbringer
 22937 | D:11     | Found a portal to a secret trove of treasure.
 23488 | D:11     | Reached * piety under Qazlal
 23650 | D:11     | Reached XP level 15. HP: 107/109 MP: 0/0
 23650 | D:11     | Learned a level 6 spell: Simulacrum
 23690 | D:11     | Found a staircase to the Orcish Mines.
 23955 | Orc:1    | Entered Level 1 of the Orcish Mines
 24091 | Orc:1    | Found Byrell's Assorted Antiques.
 24094 | Orc:1    | Bought 2 potions of heal wounds for 260 gold pieces
 24394 | Orc:1    | Found a transporter.
 24432 | Orc:1    | Found a transporter.
 24438 | Orc:1    | Found a runed translucent door.
 24438 | Orc:1    | Found a bloodstained altar of Trog.
 24438 | Orc:1    | Found the necklace of Bloodlust {*Rage Will++ Int-3 Slay+6}
 24441 | Orc:1    | Noticed a stone giant
 24470 | Orc:1    | HP: 2/107 [stone giant (49)]
 24483 | Orc:1    | Killed a stone giant
 24561 | Orc:1    | Noticed a deep elf elementalist
 24682 | Orc:1    | Demolished by a deep troll

Illustrated notes

Levels and vault maps discovered:
D:1:      lemuel_arrival_cross, layout_loops_ring
D:2:      layout_rooms, basic_altar,
          hellmonk_ecumenical_altar_pennies_from_heaven, serial_bayou_pond_c,
          kennysheep_cross_bottleneck, minmay_tromino_v4_c
D:3:      layout_basic, nicolae_concentric_dashed_squares_wild,
          minmay_misc_feat_rugged, kennysheep_generic_room_6
D:4:      layout_layer_cave, minmay_temple_entry_purple_smoke, uniq_edmund,
          uniq_crazy_yiuf_cottage
D:5:      layout_gridville, goddamned_bats
D:6:      layout_cave_pools
D:7:      layout_cave_pods
D:8:      layout_basic, minmay_lair_entry_grove, enter_ossuary_1,
          enter_bailey_5, serial_curves, eino_curves_03, eino_curves_02,
          grunt_decor_mini_mirrors, supply_closet_lemuel, uniq_maggie
D:9:      layout_roguey, minmay_gold_behind_fungi, minivault_15
D:10:     layout_rooms, lemuel_coloured_pillars_altar, columned_hall_lemuel
D:11:     layout_gridville, david_orc_5, enter_trove_2, vehumet_altar_wand_db
Temple:   grunt_wide_crystal_templ
Lair:1:   layout_chaotic_city, minmay_lair_oklob_items
Lair:2:   beast_lair_carwin_large_3, layout_chaotic_city
Lair:3:   layout_loops_ring
Lair:4:   layout_regular_city, shoals_dummy_entry, guppyfry_snake_entry_island,
          chequers_serial_rivers_marsh, infiniplex_staircase_pool_2
Lair:5:   gammafunk_indiana_jones, layout_layer_cave, slime_dummy,
          serial_rivers, chequers_serial_rivers_room_b,
          chequers_serial_rivers_micro_d, chequers_serial_rivers_room_a,
          chequers_serial_rivers_small_b, uniq_josephine
Lair:6:   cheibrodos_lair_end_hotspot, layout_regular_city
Orc:1:    emtedronai_trogs_sanctum, layout_caves, basic_altar, serial_shops,
          nicolae_shop_behind_doors

Skill      XL: |  1  2  3  4  5  6  7  8  9 10 11 12 13 14 15 |
---------------+----------------------------------------------+-----
Armour         | 1 2 3 4 5 6 8 9 10 11 | 11.0
Fighting       | 1 2 3 4 5 6 7 8 9 10 | 10.8
Spellcasting   | 3 4 5 6 8 9 10 11 12 | 12.2
Dodging        | 3 4 5 6 7 9 10 11 12 | 12.0
Shields        | 3 5 6 7 8 |  8.1
Long Blades    | 2 3 |  3.1
Stealth        | |  1.5

Action                   |  1- 3 |  4- 6 |  7- 9 | 10-12 | 13-15 || total
-------------------------+-------+-------+-------+-------+-------++-------
Melee: Dagger            |       |       |     9 |    38 |       ||    47
       Long sword        |       |       |       |    33 |   175 ||   208
       Punch             |       |       |       |     2 |     6 ||     8
 Cast: Foxfire           |    93 |   142 |   258 |   232 |   238 ||   963
       Scorch            |       |    10 |    78 |    96 |   167 ||   351
       Inner Flame       |       |       |     5 |    17 |    40 ||    62
       Corpse Rot        |       |       |     1 |       |       ||     1
       Sting             |       |       |       |     4 |     4 ||     8
       Conjure Flame     |       |       |       |     2 |       ||     2
       Sticky Flame      |       |       |       |    43 |    80 ||   123
       Searing Ray       |       |       |       |       |    24 ||    24
Evoke: Wand              |       |       |       |       |    12 ||    12
  Use: Scroll            |     2 |     4 |     6 |     3 |    15 ||    30
       Potion            |       |       |       |       |    10 ||    10
 Stab: Sleeping          |       |       |     1 |     1 |       ||     2
Armor: Robe              |     2 |     5 |     2 |       |    33 ||    42
       Steam dragon scal |       |       |    41 |    68 |    70 ||   179
Dodge: Dodged            |     5 |    11 |   120 |   191 |   415 ||   742
Block: Other             |       |       |       |       |     6 ||     6
